 Dungeon Crawl Stone Soup version 0.29.1-1-gd02db6906a (webtiles) character file.

Game seed: 4152378382956463011

100 quakins the Vexing (level 4, 0/30 HPs)
             Began as a Vampire Enchanter on Oct 11, 2022.
             Succumbed to a water moccasin's poison
             ... on level 5 of the Dungeon.
             The game lasted 00:09:04 (1921 turns).

quakins the Vexing (Vampire Enchanter)              Turns: 1921, Time: 00:09:05

Health: 0/30       AC:  6    Str:  7    XL:     4   Next: 47%
Magic:  7/7        EV: 11    Int: 17    God:
Gold:   146        SH:  4    Dex: 16    Spells: 1/7 levels left

rFire   . . .      SeeInvis +   f - +2 dagger (protect)
rCold   . . .      Faith    .   m - +1 buckler {AC+3}
rNeg    . . .      Spirit   .   e - +0 leather armour
rPois   .          Reflect  .   (no helmet)
rElec   .          Harm     .   (no cloak)
rCorr   +          Rampage  .   (no gloves)
Will    .....                   (no boots)
Stlth   +++.......              (no amulet)
HPRegen 0.30/turn               j - ring of resist corrosion
MPRegen 0.10/turn               (no ring)

@: lethally poisoned (0 -> -22), healing quickly
A: alive, fangs 3, see invisible, vampiric 2
a: Exsanguinate


You were on level 5 of the Dungeon.
You visited 1 branch of the dungeon, and saw 4 of its levels.

You collected 146 gold pieces.

Inventory:

Hand Weapons
 f - a +2 dagger of protection (weapon)
Missiles
 l - 4 poisoned darts (quivered)
Armour
 e - a +0 leather armour (worn)
 m - a +1 buckler of protection (worn)
Jewellery
 j - a ring of resist corrosion (left hand)
Wands
 g - a wand of iceblast (1)
Scrolls
 d - 3 scrolls of identify {unknown}
 h - 2 scrolls of blinking {unknown}
Potions
 a - a potion of resistance {unknown}
 b - 2 potions of brilliance {unknown}
 c - a potion of invisibility
 i - a potion of berserk rage {unknown}
 k - a potion of ambrosia {unknown}


   Skills:
 - Level 1.1 Short Blades
 - Level 2.1 Dodging
 * Level 4.4 Stealth
 - Level 2.0 Spellcasting
 * Level 7.7 Hexes


You had one spell level left.
You knew the following spells:

 Your Spells              Type           Power      Damage    Failure   Level
a - Confusing Touch       Hex            28%        N/A       4%          3
b - Tukima's Dance        Hex            28%        N/A       4%          3

Your spell library contained the following spells:

 Spells                   Type           Power      Damage    Failure   Level
 Ensorcelled Hibernation  Hex/Ice        28%        N/A       12%         2
 Dazzling Flash           Conj/Hex       28%        N/A       24%         3
 Anguish                  Hex/Necr       7%         N/A       63%         4
 Spider Form              Tmut/Pois      1%         N/A       75%         3
 Malign Gateway           Summ/Tloc      0%         N/A       100%        7
 Summon Horrible Things   Summ           0%         N/A       100%        8


Dungeon Overview and Level Annotations

Branches:
Dungeon (5/15)
 Temple: D:4-7

Altars:


Innate Abilities, Weirdness & Mutations

Your natural rate of healing is accelerated.
You have razor-sharp teeth.
You have supernaturally acute eyesight. (SInv)
You are afflicted with vampirism and can become a bat while bloodless.


Message History

The goblin is heavily wounded.
The goblin completely misses you.
You hit the goblin.
Your weapon exudes an aura of protection.
You kill the goblin!
You now have 146 gold pieces (gained 9).
Things that are here:
a +0 club; a +0 sling; a goblin corpse A sourceless malevolence fills the Dungeon...
You fall into a shaft and drop 2 floors!
The shaft crumbles and collapses.
You hear the sound of rushing water.
There is an entrance to a sewer on this level.
Hurry and find it before the portal rusts away!
Found a stone staircase leading up.
Found a glowing buckler.
Found a scroll labelled GOADOYL WUOTY.
You see here a +1 buckler of protection.
m - a +1 buckler of protection You start putting on your armour.
You continue putting on your +1 buckler of protection. x4
You finish putting on your +1 buckler of protection.
You feel protected.
A water moccasin comes into view.
Found a pink potion.
Found a peridot ring.
The water moccasin hisses angrily.
The water moccasin attacks as you move away!
The water moccasin bites you. The water moccasin bites you!
You are poisoned.
The water moccasin poisons you!
The water moccasin attacks as you move away!
The water moccasin barely misses you.
You feel very sick.
The water moccasin attacks as you move away!
The water moccasin bites you.
You are more poisoned.
The water moccasin poisons you!
* * * LOW HITPOINT WARNING * * *
You feel extremely sick.
You die...

### #..###
....###..#..
#.!.......#..
.....?..#....
.............
............#
............######
...........S.@...#
............####.#####
............# #......#
=........#..# #......#
##.....##..# #......#
##..####..# #......#
#. #..# #......# #
#..# #.<....# #..#
#......#


You could see a water moccasin.

Vanquished Creatures
  Ijyb (D:3)
  2 adders (D:2)
  3 worms (D:2)
  4 ball pythons
  5 bats
  3 endoplasms
  3 giant cockroaches
  10 goblins
  A hobgoblin (D:1)
  6 kobolds
  4 quokkas (D:2)
  3 frilled lizards
  3 rats (D:1)
48 creatures vanquished.

Vanquished Creatures (others)
  3 goblins (D:3)
3 creatures vanquished.

Grand Total: 51 creatures vanquished

Notes
Turn   | Place    | Note
-------+----------+-------------------------------------------
     0 | D:1      | quakins the Vampire Enchanter began the quest for the Orb.
     0 | D:1      | Reached XP level 1. HP: 13/13 MP: 3/3
    63 | D:1      | Reached skill level 5 in Hexes
   162 | D:1      | Reached XP level 2. HP: 17/19 MP: 5/5
   333 | D:1      | Found a faded altar of an unknown god.
   855 | D:2      | Reached skill level 6 in Hexes
   880 | D:2      | Gained mutation: You are afflicted with vampirism and can
                  | become a bat while bloodless. [Vampire growth]
   880 | D:2      | Reached XP level 3. HP: 13/24 MP: 6/6
  1357 | D:2      | Reached skill level 7 in Hexes
  1426 | D:2      | Reached XP level 4. HP: 30/30 MP: 7/7
  1600 | D:2      | Learned a level 3 spell: Confusing Touch
  1604 | D:2      | Learned a level 3 spell: Tukima's Dance
  1638 | D:3      | Noticed Ijyb
  1686 | D:3      | Killed Ijyb
  1894 | D:3      | You fall into a shaft and drop 2 floors!
  1894 | D:5      | Entered Level 5 of the Dungeon
  1909 | D:5      | Noticed a water moccasin
  1921 | D:5      | Succumbed to a water moccasin's poison

Illustrated notes

Levels and vault maps discovered:
D:1:      dpeg_arrival_rhombi, layout_rooms, nicolae_ecumenical_lake_church
D:2:      minmay_alternating_diamond, layout_basic,
          amcnicky_mini_corridor_feature
D:3:      kennysheep_the_goblin_king, layout_basic
D:5:      layout_rooms, grunt_dithmenos_smoke, portal_sewer_entry_a,
          uniq_menkaure, uniq_eustachio

Skill      XL: |  1  2  3 |
---------------+----------+-----
Hexes          | 5 6 7 |  7.7
Short Blades   | |  1.1
Dodging        | |  2.1
Stealth        | |  4.4
Spellcasting   | |  2.0

Action                   |  1- 3 |  4- 6 || total
-------------------------+-------+-------++-------
Melee: Dagger            |   161 |    23 ||   184
       Bite              |     8 |     2 ||    10
Throw: Dart              |       |     4 ||     4
 Cast: Tukima's Dance    |       |     2 ||     2
  Use: Potion            |       |     1 ||     1
 Stab: Sleeping          |     9 |     1 ||    10
       Invisible         |       |     1 ||     1
Armor: Robe              |     3 |       ||     3
       Leather armour    |    64 |     8 ||    72
Dodge: Dodged            |    77 |    18 ||    95
